 Dungeon Crawl Stone Soup version 0.20-a0-1122-gb7cbeb9 (webtiles) character file.

18 Hook the Conjurer (level 2, -2/17 HPs)
             Began as an Octopode Conjurer on May 11, 2017.
             Slain by an ooze (3 damage)
             ... on level 1 of the Dungeon.
             The game lasted 00:03:10 (1000 turns).

Hook the Conjurer (Octopode Conjurer)               Turns: 1000, Time: 00:03:11

Health: -2/17      AC:  1    Str: 10    XL:     2   Next: 70%
Magic:  4/5        EV: 13    Int: 17    God:
Gold:   93         SH:  0    Dex: 12    Spells: 2/5 levels left

rFire    . . .     SeeInvis .   (no weapon)
rCold    . . .     Gourm    .   (no shield)
rNeg     . . .     Faith    .   (helmet restricted)
rPois    .         Spirit   .   (no amulet)
rElec    .         Reflect  .   c - +3 ring of strength
rCorr    .         Harm     .   (no ring)
MR       .....                  (no ring)
Stlth    +++.......             (no ring)
Regen    0.1/turn               (no ring)
MPRegen  0.1/turn               (no ring)
                                (no ring)
                                (no ring)

@: no status effects
A: almost no armour, stealthy swim, amphibious, 8 rings, constrict 8, camouflage
1, gelatinous body 1
a: no special abilities


You were on level 1 of the Dungeon.
You were not hungry.

You visited 1 branch of the dungeon, and saw 1 of its levels.

You collected 93 gold pieces.

Inventory:

Missiles
 g - 3 javelins (quivered)
Armour
 i - a cursed +0 cloak
Jewellery
 c - a +3 ring of strength (left tentacle)
Scrolls
 e - 4 scrolls of identify {unknown}
 f - 2 scrolls of enchant armour {unknown}
Books
 a - a book of Conjurations

   Spells                             Type                      Level
   a - Magic Dart                     Conjuration                  1
   b - Searing Ray                    Conjuration                  2
   c - Dazzling Spray                 Conjuration/Hexes            3
   d - Fulminant Prism                Conjuration/Hexes            4
   e - Force Lance                    Conjuration/Translocation    4
   f - Iskenderun's Mystic Blast      Conjuration                  4
Comestibles
 b - 2 bread rations
 d - 4 chunks of flesh
 h - 3 fruits


   Skills:
 * Level 2.1 Dodging
 * Level 2.8 Stealth
 * Level 2.0 Spellcasting
 + Level 4.6 Conjurations


You had 2 spell levels left.
You knew the following spells:

 Your Spells              Type           Power        Failure   Level  Hunger
a - Magic Dart            Conj           ###.         3%          1    #......
b - Searing Ray           Conj           ###...       4%          2    ###....


Dungeon Overview and Level Annotations

Branches:
Dungeon (1/15)

Altars:


Innate Abilities, Weirdness & Mutations

You cannot wear most types of armour.
You are very stealthy in the water. (Stealth+)
You are amphibious.
You can wear up to eight rings at the same time.
You can use your tentacles to constrict eight enemies at once.
Your skin changes colour to match your surroundings (Stealth+).
Your rubbery body absorbs attacks. (AC +1, EV +1)


Message History

The ooze hits you.
You tentacle-slap the ooze but do no damage.
The ooze is severely wounded.
The ooze hits you.
* * * LOW HITPOINT WARNING * * *
You tentacle-slap the ooze but do no damage.
The ooze is severely wounded.
The ooze completely misses you.
The ooze jiggles.
The ooze hits you.
* * * LOW HITPOINT WARNING * * *
Casting: Magic Dart
Confirm with . or Enter, or press ? or * to list all spells.
Aiming: Magic Dart
Press: ? - help, Shift-Dir - straight line, f - ooze
Aim: an ooze (severely wounded)
The magic dart hits the ooze.
The ooze is severely wounded.
The ooze hits you.
You die...

######## #......#
#......#################
#..............@J......#
###..#############.....## #..##
#................########
#.#####..###..##.......#.......
#..............#.......#.......
#...........##.#.......[....†..
#...........##................. #
#.....).....#..................
###.##.....#....#................


You could see an ooze.

Vanquished Creatures
  A leopard gecko (D:1)
  A ball python (D:1)
  A giant cockroach (D:1)
  7 goblins (D:1)
  A hobgoblin (D:1)
  A frilled lizard (D:1)
  2 kobolds (D:1)
  A rat (D:1)
15 creatures vanquished.

Notes
Turn   | Place    | Note
-------+----------+-------------------------------------------
     0 | D:1      | Hook the Octopode Conjurer began the quest for the Orb.
     0 | D:1      | Reached XP level 1. HP: 11/11 MP: 3/3
   417 | D:1      | Reached XP level 2. HP: 17/17 MP: 1/5
   772 | D:1      | Learned a level 2 spell: Searing Ray
  1000 | D:1      | Slain by an ooze

Vault maps used:
D:1:      elethiomel_arrival_infinity_welcomes_careful_drivers

Action                   || total
-------------------------++-------
Melee: Unarmed           ||    35
       Constrict         ||     8
       Tentacles         ||     3
Throw: Javelin           ||     1
 Cast: Magic Dart        ||    17
Armor: Skin              ||     2
Dodge: Dodged            ||    18
